AoeStats
← Goku★

Nomad

504442943Analyzed
2v2 RM · 28d ago on Sep 5, 2026· 47m 58s· 4 players
Game mode
Random Map
Map size
176×176
Population
200
Speed
Normal
Resources
Standard
Victory
Conquest
Starting age
Dark Age
Ending age
Imperial Age
RankedLock teamsTeams togetherTeam positionsShared explorationLock speedFull tech treeHidden civsTurbo modeCheats
Victory
Defeat
🇵🇾 Ethiopians · Paraguay
1235
+15
🇫🇷 Slavs · France
1171
+18
🇩🇪 Chinese · Germany
1228
-17
🇩🇪 Persians · Germany
1210
-16
Goku★
2:53 Loom
13:32 Feudal Age
14:02 Town Watch
15:27 Wheelbarrow
21:33 Castle Age
20:04 Fletching
20:15 Padded Archer Armor
22:07 Crossbowman
24:42 Thumb Ring
32:51 Scale Barding Armor
35:37 Imperial Age
34:00 Ballistics
33:47 Double-Bit Axe
35:36 Bodkin Arrow
37:40 Arbalester
47:40 Bracer
47:28 Elite Skirmisher
mussmaxx
3:50 Loom
14:43 Feudal Age
15:27 Double-Bit Axe
15:24 Fishing Lines
19:07 Gold Mining
22:16 Castle Age
20:10 Stone Mining
21:51 Forging
21:41 Scale Mail Armor
21:34 Horse Collar
21:45 Man-at-Arms
23:39 Pikeman
24:20 Squires
23:41 Long Swordsman
25:19 Heavy Plow
25:33 Bow Saw
26:23 Wheelbarrow
29:46 Iron Casting
30:12 Chain Mail Armor
30:00 Gillnets
34:59 Imperial Age
32:45 Hand Cart
34:06 Town Watch
36:16 Conscription
37:21 Elite Skirmisher
39:24 Fletching
39:35 Padded Archer Armor
40:37 Blast Furnace
40:49 Two-Handed Swordsman
45:28 Champion
47:32 Druzhina
FxFlashmob
3:03 Loom
13:44 Feudal Age
14:12 Double-Bit Axe
19:09 Castle Age
18:35 Stone Mining
18:36 Gold Mining
19:15 Horse Collar
20:25 Scale Barding Armor
21:15 Bow Saw
22:49 Bloodlines
23:56 Medium Warships
23:59 Forging
23:39 Fletching
23:37 Elite Skirmisher
25:40 Padded Archer Armor
26:52 Heavy Plow
27:58 Bodkin Arrow
29:00 Crossbowman
34:18 Leather Archer Armor
35:09 Ballistics
37:53 Wheelbarrow
43:12 Imperial Age
43:58 Bracer
47:23 Ring Archer Armor
tzui11
5:33 Loom
14:59 Feudal Age
19:11 Castle Age
22:36 Fletching
25:48 Scale Barding Armor
27:20 Double-Bit Axe
33:04 Kamandaran
34:00 Horse Collar
36:40 Bow Saw
36:40 Crossbowman
44:18 Bloodlines
45:08 Husbandry
44:30 Light Cavalry
47:44 Ballistics
48:31 Wheelbarrow
Connection lost

Rejoining the realm…

Still unreachable

The connection could not be restored.

Session expired

The server has moved on; the page needs a fresh start.